 Dungeon Crawl Stone Soup version 0.31-a0-819-gf6de2f5ab6 (webtiles) character file.

Game seed: 4281364724394556001

1325 qw the Skirmisher (level 8, -1/51 HPs)
             Began as a Gargoyle Hunter on Sept 23, 2023.
             Was an Initiate of Okawaru.
             Slain by an orc
             ... wielding a +0 hand axe
              (3 damage)
             ... on level 6 of the Dungeon.
             The game lasted 00:01:43 (4750 turns).

qw the Skirmisher (Gargoyle Hunter)                 Turns: 4750, Time: 00:01:43

Health: -1/51      AC: 19    Str: 15    XL:     8   Next: 60%
Magic:  8/8        EV: 11    Int: 10    God:    Okawaru [......]
Gold:   42         SH:  0    Dex: 21    Spells: 7/7 levels left

rFire   . . .        Y - +0 shortbow
rCold   . . .        (shield currently unavailable)
rNeg    + . .        a - +0 ring mail
rPois   inf          f - +1 helmet
rElec   +            n - +0 cloak {Will+}
rCorr   .            (no gloves)
SInv    .            g - +0 pair of boots
Will    +....        q - amulet of the acrobat
Stlth   +            d - +6 ring of dexterity
HPRegen 0.28/turn    b - +4 ring of protection
MPRegen 0.11/turn

%: acrobat
@: no status effects
A: sickness immunity, AC +5, negative energy resistance 1, electricity
resistance, torment resistance 1, petrification resistance
a: Renounce Religion


You were on level 6 of the Dungeon.
You worshipped Okawaru.
Okawaru was noncommittal.
You visited 2 branches of the dungeon, and saw 7 of its levels.

You collected 311 gold pieces.
You spent 269 gold pieces at shops.


Innate Abilities, Weirdness & Mutations

You are immune to sickness and miasma.
Your stone body is resilient. (AC +5)
You are immune to poison.
You resist negative energy. (rN+)
You are resistant to electric shocks. (rElec)
You are resistant to unholy torment.
You are immune to petrification.


   Skills:
 + Level 5.6 Fighting
 - Level 9.1 Ranged Weapons
 - Level 3.1 Armour
 - Level 2.2 Dodging
 - Level 1.1 Stealth


You had 7 spell levels left.
You didn't know any spells.
Your spell library was empty.

Inventory:

Hand Weapons
 Y - a +0 shortbow (weapon)
Armour
 a - a +0 ring mail (worn)
 f - a +1 helmet (worn)
 g - a +0 pair of boots (worn)
 n - a +0 cloak of willpower (worn)
Jewellery
 b - a +4 ring of protection (right hand)
 d - a +6 ring of dexterity (left hand)
 q - an amulet of the acrobat (around neck)
Scrolls
 m - a scroll of identify
Potions
 c - a potion of resistance
 e - 3 potions of curing
 h - 2 potions of might
 k - a potion of attraction {unknown}
 l - a potion of magic {unknown}
 o - a potion of heal wounds {unknown}
 p - a potion of ambrosia {unknown}

Dungeon Overview and Level Annotations

Branches:
Dungeon (6/15)             Temple (1/1) D:4

Altars:
Ashenzari
Cheibriados
Elyvilon
Fedhas
Gozag
Hepliaklqana
Kikubaaqudgha
Nemelex Xobeh
Okawaru
Qazlal
Ru
Sif Muna
Uskayaw
Vehumet
Wu Jian
Xom
Zin

Shops:
D:4 [*=   D:5 :?![[


Message History

You shoot an arrow. Something hits you but does no damage.
You shoot an arrow.
You hear some strange, mumbled words.
A magic dart appears from out of thin air!
The magic dart hits you but does no damage.
You shoot an arrow. Something hits you.
You shoot an arrow. Okawaru accepts your kill.
Reactivating autopickup.
You feel a bit more experienced.
You start resting.
Magic restored.
You start resting.
HP restored.
What level of the Dungeon? (default 6, ? - help)
You climb downwards.
The orc wizard barely misses you. The orc barely misses you.
The ogre hits you with a +0 giant club! The orc barely misses you.
The orc wizard closely misses you. The orc hits you but does no damage. x2
There is a stone staircase leading up here.
You shoot an arrow. The arrow barely misses the ogre.
The ogre hits you with a +0 giant club!
The orc wizard hits you but does no damage.
The orc closely misses you. The orc hits you but does no damage.
You shoot an arrow. The arrow hits the ogre!
The ogre is heavily wounded.
The orc wizard gestures wildly while chanting.
The orc wizard flickers and vanishes!
Deactivating autopickup; reactivate with Ctrl-A.
The orc hits you but does no damage.
The ogre hits you with a +0 giant club!!
Ouch! That really hurt!
The orc hits you but does no damage.
You shoot an arrow. The arrow hits the ogre.
The ogre is heavily wounded.
Something hits you but does no damage. The orc hits you with a +0 club.
The orc hits you with a +0 hand axe.
You die...

... # #[#
.# # #)# .#
#.##.##.#
#..[[...###
####......#
#..###.#
#{.###.###
#o@O......
##o###.###
#.# #..
####


You could see an ogre and 2 orcs.

Vanquished Creatures
  A water moccasin (D:5)
  Duvessa (D:5)
  An orc warrior (D:6)
  A black bear (D:4)
  2 ogres
  A bullfrog (D:3)
  2 scorpions (D:4)
  Dowan (D:5)
  4 hounds
  An orc priest (D:6)
  3 iguanas
  Ijyb (D:3)
  2 orc wizards
  Robin (D:3)
  11 adders
  A white imp (D:5)
  4 worms
  6 dart slugs
  6 orcs
  7 ball pythons
  4 bats
  6 endoplasms
  3 giant cockroaches (D:3)
  7 hobgoblins
  5 jackals
  7 kobolds
  5 quokkas
  3 frilled lizards
  7 goblins
  5 rats
109 creatures vanquished.

Vanquished Creatures (others)
  An orc wizard (D:6)
1 creature vanquished.

Grand Total: 110 creatures vanquished

Notes
Turn   | Place    | Note
-------+----------+-------------------------------------------
     0 | D:1      | qw the Gargoyle Hunter began the quest for the Orb.
     0 | D:1      | Reached XP level 1. HP: 12/12 MP: 1/1
     0 | D:1      | 0 ||| qw: Version: 0.3-a-83-gcd0e7d8
     0 | D:1      | 0 ||| qw: Game counter: 1354
     0 | D:1      | 0 ||| qw: Melee chars always use a shield: true
     0 | D:1      | 0 ||| qw: God list: Okawaru
     0 | D:1      | 0 ||| qw: Allow faded altars: false
     0 | D:1      | 0 ||| qw: Do Orc after clearing Dungeon:15 true
     0 | D:1      | 0 ||| qw: Do second Lair branch before Depths: true
     0 | D:1      | 0 ||| qw: Lair rune preference: random
     0 | D:1      | 0 ||| qw: Goals: Normal
     0 | D:1      | 0 ||| PLANNING D:1-11
   100 | D:1      | Reached XP level 2. HP: 17/17 MP: 2/2
   490 | D:1      | Reached XP level 3. HP: 20/21 MP: 3/3
   511 | D:1      | Found a faded altar of an unknown god.
   734 | D:1      | 734 ||| UPGRADING to +4 ring of slaying {mikee}.
   735 | D:1      | 735 ||| READING scroll labelled VAESHR TOKON.
   736 | D:1      | 736 ||| DROPPING scroll of butterflies.
   780 | D:2      | Reached skill level 5 in Ranged Weapons
   901 | D:2      | Reached skill level 3 in Fighting
  1120 | D:2      | Reached XP level 4. HP: 28/28 MP: 4/4
  1445 | D:2      | 1445 ||| UPGRADING to +0 ring mail.
  1455 | D:2      | 1455 ||| DROPPING +0 leather armour.
  1456 | D:2      | 1456 ||| UPGRADING to +4 ring of protection.
  1457 | D:2      | 1457 ||| DROPPING ring of ice.
  1458 | D:2      | 1458 ||| READING scroll labelled CEL BANYHUDGH.
  1459 | D:2      | 1459 ||| READING scroll labelled YXTUBR ALYBANN.
  1460 | D:2      | 1460 ||| DRINKING 3 viscous ruby potions.
  1770 | D:3      | Noticed Robin
  1774 | D:3      | Reached skill level 1 in Armour
  1781 | D:3      | Killed Robin
  1786 | D:3      | Noticed Ijyb
  1791 | D:3      | 1791 ||| FLEEEEING.
  1792 | D:3      | 1792 ||| FLEEEEING.
  1793 | D:3      | 1793 ||| FLEEEEING.
  1794 | D:3      | 1794 ||| FLEEEEING.
  1803 | D:3      | 1803 ||| FLEEEEING.
  1820 | D:3      | Killed Ijyb
  1821 | D:3      | Reached XP level 5. HP: 18/32 MP: 5/5
  2165 | D:3      | Reached skill level 6 in Ranged Weapons
  2358 | D:3      | 2358 ||| UPGRADING to +1 helmet.
  2363 | D:3      | 2363 ||| READING scroll labelled VOUNWIDGHING.
  2366 | D:3      | 2366 ||| DRINKING 2 brown potions.
  2367 | D:3      | 2367 ||| DROPPING potion of brilliance.
  2386 | D:4      | Found Omyfimn's Jewellery Shop.
  2387 | D:4      | 2387 ||| RETREEAATING.
  2393 | D:4      | Reached XP level 6. HP: 37/37 MP: 6/6
  2403 | D:4      | 2403 ||| SHOPLISTING +5 ring of evasion (360 gold, have
                  | 165).
  2403 | D:4      | 2403 ||| SHOPLISTING amulet of faith (400 gold, have 165).
  2403 | D:4      | 2403 ||| SHOPLISTING ring of protection from fire (250
                  | gold, have 165).
  2514 | D:4      | Upgraded the game from 0.31-a0-818-ge7c7cf74f0 to
                  | 0.31-a0-819-gf6de2f5ab6
  2514 | D:4      | 2514 ||| PLANNING D:1-11
  2515 | D:4      | Reached skill level 7 in Ranged Weapons
  2544 | D:4      | Found Johidey's Armour Shoppe.
  2553 | D:4      | Reached XP level 7. HP: 43/43 MP: 7/7
  2557 | D:4      | 2557 ||| BUYING +0 cloak of willpower (161 gold).
  2557 | D:4      | Bought a +0 cloak of willpower for 161 gold pieces
  2557 | D:4      | 2557 ||| SHOPLISTING +0 pair of boots (63 gold, have 4).
  2557 | D:4      | 2557 ||| SHOPLISTING +3 ring mail of cold resistance (364
                  | gold, have 4).
  2585 | D:4      | Found a broken altar of Ashenzari.
  2687 | D:4      | Found an ornate altar of the Wu Jian Council.
  2688 | D:4      | Found a glowing silver altar of Zin.
  2699 | D:4      | Found a sacrificial altar of Ru.
  2700 | D:4      | Found a radiant altar of Vehumet.
  2700 | D:4      | Found a stormy altar of Qazlal.
  2730 | D:4      | Reached skill level 8 in Ranged Weapons
  2803 | D:4      | Found a staircase to the Ecumenical Temple.
  2804 | D:4      | 2804 ||| PLANNING TEMPLE
  2804 | D:4      | 2804 ||| UPGRADING to +0 cloak of willpower.
  2809 | D:4      | 2809 ||| UPGRADING to +6 ring of dexterity.
  2811 | D:4      | 2811 ||| DROPPING +4 ring of slaying {mikee}.
  2812 | D:4      | 2812 ||| READING scroll labelled NOSTO BINAPSUJA.
  2813 | D:4      | 2813 ||| READING scroll labelled MIAPAI VOMUM.
  2814 | D:4      | 2814 ||| DRINKING 2 ruby potions.
  2823 | Temple   | Entered the Ecumenical Temple
  2824 | Temple   | 2824 ||| PLANNING OKAWARU WORSHIP
  2851 | Temple   | Became a worshipper of Warmaster Okawaru
  2852 | Temple   | 2852 ||| PLANNING D:1-11
  3096 | D:4      | Found Rirug's Assorted Antiques.
  3107 | D:4      | 3107 ||| SHOPLISTING dented malachite amulet (125 gold,
                  | have 61).
  3107 | D:4      | 3107 ||| BUYING green potion (22 gold).
  3107 | D:4      | Bought a green potion for 22 gold pieces
  3107 | D:4      | 3107 ||| SHOPLISTING scroll of identify (50 gold, have 39).
  3287 | D:5      | Entered Level 5 of the Dungeon
  3482 | D:5      | Found Nueqeul's Antique Armour Boutique.
  3498 | D:5      | Noticed Dowan
  3500 | D:5      | Noticed Duvessa
  3519 | D:5      | Killed Duvessa
  3520 | D:5      | Reached XP level 8. HP: 14/49 MP: 8/8
  3520 | D:5      | HP: 12/49 [Dowan/+0 dagger (2)]
  3521 | D:5      | 3521 ||| READING scroll of teleportation.
  3524 | D:5      | Killed Dowan
  3692 | D:5      | Found Rinylac's Magic Scroll Emporium.
  3697 | D:5      | 3697 ||| BUYING scroll of identify (28 gold).
  3697 | D:5      | Bought a scroll of identify for 28 gold pieces
  3697 | D:5      | 3697 ||| BUYING scroll of identify (28 gold).
  3697 | D:5      | Bought a scroll of identify for 28 gold pieces
  3697 | D:5      | 3697 ||| SHOPLISTING scroll of identify (28 gold, have 5).
  3697 | D:5      | 3697 ||| SHOPLISTING scroll of teleportation (42 gold, have
                  | 5).
  3716 | D:5      | Found Xikhuneat's Distillery.
  3719 | D:5      | 3719 ||| BUYING potion of curing (30 gold).
  3719 | D:5      | Bought a potion of curing for 30 gold pieces
  3719 | D:5      | 3719 ||| SHOPLISTING potion of curing (30 gold, have 4).
  3719 | D:5      | 3719 ||| SHOPLISTING potion of heal wounds (50 gold, have
                  | 4).
  3724 | D:5      | Found Sopeud's Antique Armour Emporium.
  3733 | D:5      | 3733 ||| SHOPLISTING pair of embroidered boots (142 gold,
                  | have 4).
  3733 | D:5      | 3733 ||| SHOPLISTING runed leather armour (95 gold, have
                  | 4).
  3839 | D:5      | Found an ancient bone altar of Kikubaaqudgha.
  3879 | D:5      | Found a shimmering blue altar of Sif Muna.
  4000 | D:5      | Noticed a walking crystal tome
  4001 | D:5      | Found Seuti's Book Shoppe.
  4003 | D:5      | Noticed a walking crystal tome
  4521 | D:5      | 4521 ||| UPGRADING to +0 pair of boots.
  4526 | D:5      | 4526 ||| UPGRADING to amulet of the acrobat.
  4531 | D:5      | 4531 ||| READING 4 scrolls of identify.
  4531 | D:5      | 4531 ||| IDENTIFYING smoky amethyst potion
  4532 | D:5      | 4532 ||| READING 3 scrolls of identify.
  4532 | D:5      | 4532 ||| IDENTIFYING glowing puce potion
  4533 | D:5      | 4533 ||| READING 2 scrolls of identify.
  4533 | D:5      | 4533 ||| IDENTIFYING bubbling puce potion
  4534 | D:5      | 4534 ||| DROPPING potion of lignification.
  4535 | D:5      | 4535 ||| DROPPING potion of degeneration.
  4567 | D:6      | 4567 ||| RETREEAATING.
  4569 | D:6      | Reached * piety under Okawaru
  4570 | D:6      | Reached skill level 9 in Ranged Weapons
  4570 | D:6      | 4570 ||| INVOKING Heroism.
  4581 | D:6      | Reached skill level 3 in Armour
  4583 | D:6      | 4583 ||| INVOKING Heroism.
  4586 | D:6      | HP: 11/49 [orc priest/+0 flail (6)]
  4590 | D:6      | 4590 ||| FLEEEEING.
  4591 | D:6      | 4591 ||| FLEEEEING.
  4592 | D:6      | 4592 ||| FLEEEEING.
  4593 | D:6      | 4593 ||| FLEEEEING.
  4594 | D:6      | 4594 ||| DRINKING 4 potions of curing.
  4594 | D:6      | 4594 ||| (to cure confusion)
  4595 | D:6      | 4595 ||| FLEEEEING.
  4596 | D:6      | 4596 ||| STAIRDANCE
  4601 | D:5      | HP: 12/50 [something/magic dart (10)]
  4607 | D:5      | HP: 12/50 [something (2)]
  4749 | D:6      | HP: 3/51 [ogre/+0 giant club (29)]
  4750 | D:6      | Slain by an orc

Levels and vault maps discovered:
D:1:      dpeg_arrival_simpleton_a, layout_basic, serial_rivers,
          chequers_serial_rivers_room_b, chequers_serial_rivers_marsh,
          chequers_serial_rivers_small_a, chequers_serial_rivers_micro_d,
          chequers_serial_rivers_micro_d, ebering_ecumenical_altar_webs
D:2:      layout_loops_ring, nicolae_hexahallways
D:3:      layout_loops_corners, nicolae_goblin_pals
D:4:      layout_gridville, grunt_temple_overflow_open,
          cheibrodos_ashenzari_chains, minmay_temple_entry_gardened_gates,
          serial_shops, shop, nicolae_shop_just_a_little_nook, shop
D:5:      layout_layer_cave, mainiacjoe_overflow_chevrons,
          mainiacjoe_overflow_24_doors, serial_shops,
          nicolae_shop_advertising_works [nicolae_subvault_shop_adworks],
          nicolae_shop_behind_doors, nicolae_take_the_stairs,
          nicolae_shop_mannequins, nicolae_shop_rolling_square, uniq_duvessa,
          uniq_ijyb
D:6:      layout_loops_corners, makhleb_altar_promises_db, chequers_jeans
Temple:   kb_temple_of_zot

Skill      XL: |  1  2  3  4  5  6  7  8 |
---------------+-------------------------+-----
Ranged Weapons | 5 6 7 8 9 |  9.1
Fighting       | 3 4 5 |  5.6
Armour         | 1 2 3 |  3.1
Dodging        | 2 |  2.2
Stealth        | |  1.1

Action                     |  1- 3 |  4- 6 |  7- 9 || total
---------------------------+-------+-------+-------++-------
   Fire: Shortbow          |    81 |   133 |   166 ||   380
 Invoke: Heroism           |       |       |     2 ||     2
    Use: Scroll            |     1 |     3 |     6 ||    10
         Potion            |       |     2 |     2 ||     4
 Armour: Leather armour    |    11 |     1 |       ||    12
         Ring mail         |       |    46 |    98 ||   144
  Dodge: Dodged            |    10 |    28 |    37 ||    75

Table legend:
 A = Non-vault XP
 B = Vault XP
 C = Vault XP percentage of total XP
 D = Non-vault monster count
 E = Vault monster count
 F = Vault count percentage of total count
                 A         B        C        D         E       F
            +---------+---------+-------+---------+---------+-------
      Total |    1616 |     278 |  14.7 |     100 |      10 |   9.1
            +---------+---------+-------+---------+---------+-------
        D:1 |      37 |       0 |   0.0 |      17 |       0 |   0.0
        D:2 |      64 |       0 |   0.0 |      17 |       0 |   0.0
        D:3 |     124 |      63 |  33.7 |      20 |       8 |  28.6
        D:4 |     697 |       0 |   0.0 |      28 |       0 |   0.0
        D:5 |     372 |     215 |  36.6 |      12 |       2 |  14.3
        D:6 |     322 |       0 |   0.0 |       6 |       0 |   0.0
            +---------+---------+-------+---------+---------+-------
